 Dungeon Sprint DCSS version 0.04.2-19-ga012a504bd (webtiles) character file.

Game seed: 12985909938819632102, levelgen mode: deterministic

2268 diana the Eclecticist (level 9, -5/45 HPs) Deep Elf Ice Elementalist. Began on May 23, 2021. Was a High Priest of Vehumet. Slain by a komodo dragon (16 damage) ... in the Dungeon (Sprint V: "Ziggurat Sprint"). The game lasted 00:06:20 (757 turns).

diana the Eclecticist (Deep Elf Ice Elementalist)    Turns: 757, Time: 00:06:21

Health: -5/45      AC:  2    Str:  5    XL:     9 ^: 2288
Magic:  32/38      EV: 15    Int: 40    God:    Vehumet [5* [141]]
Gold:   0          SH:  0    Dex: 15    Spells: 33/42 levels left

rFire    . . .     Vision   .   D - +6 Majin-Bo {vampiric, corrupt archmagi; MP+6 Int+6}
rCold    . . .     Gourm    .   (no weapon)
rNeg     . . .     Faith    .   a - +0 robe
rPois    .         Spirit   .   (no helmet)
rElec    .         Reflect  .   (no cloak)
rCorr    .         Harm     .   (no gloves)
MR       .....     NoTele   +   (no boots)
Stlth    +.........             (no amulet)
HPRegen  0.25/turn              v - ring of intelligence
MPRegen  0.48/turn              w - ring of intelligence

@: very slow
A: no striking features
a: Renounce Religion


You were in the Dungeon.
You worshipped Vehumet.
Vehumet was extremely pleased with you.
You were hungry.

You visited 1 branch

Inventory:

Weapons
 E - the +7 great mace "Firestarter" {inner flame, rF++}
   (You found it in the Dungeon)

   Its malleable surface is completely molten, allowing it to meld around and
   partially ignore armour.
   Causes less base damage than a standard weapon; but partially ignores enemy's
   defense and burns causing additional damage to those that don't resist heat.
   It greatly protects you from fire.
Armour
 a - a +0 robe (worn)
 C - the +15 Maxwell's patent armour {-Cast -Tele rElec MR+ rCorr}
   (You found it in the Dungeon)

   It insulates you from electricity.
   It affects your resistance to hostile enchantments.
   It prevents spellcasting.
   It prevents most forms of teleportation.
   It provides partial protection from all sources of acid and corrosion.
 I - the +4 moon troll leather {Spirit, Regen++ MP+5}
   (You found it in the Dungeon)

   It affects your magic capacity (+5).
   It increases your rate of regeneration.
Magical Staves
 D - the +6 Majin-Bo (weapon) {vampiric, corrupt archmagi; MP+6 Int+6}
   (You found it in the Dungeon)

   [staff of ]

   Base accuracy: +5 Base damage: 5 Base attack delay: 1.2 This weapon's minimum
   attack delay (0.6) is reached at skill level 12.
   The minimum and maximum damage of damaging spells cast with this staff are
   significantly increased.
   It falls into the 'Staves' category.
   It is one handed.
   Its enchantment grants additive spellpower to the spells it enhances.
Jewellery
 l - an uncursed ring of slaying
 t - an uncursed ring of dexterity
 u - an uncursed ring of dexterity
 v - a ring of intelligence (left hand)
 w - a ring of intelligence (right hand)
 x - an uncursed ring of strength
 y - an uncursed ring of strength
 G - a cursed amulet of chaos {(Curse: -Tele Fragile)}
 H - a cursed ring of stealth {(Curse: *Corrode)}
Wands
 z - a wand of disintegration (7)
 A - a wand of iceblast (7)
 B - a wand of acid (7)
Scrolls
 i - 2 scrolls of blinking
 o - 4 scrolls of amnesia
 p - 7 scrolls of fog
 q - a scroll of holy word
 r - 6 scrolls of bless item
 s - 2 scrolls of fear
Potions
 b - 2 potions of brilliance
 d - 10 potions of curing
 e - 10 potions of heal wounds
 f - 6 potions of haste
 g - 7 potions of magic
 h - 3 potions of berserk rage
 j - 2 potions of invisibility
 k - 4 potions of resistance
 m - 5 potions of agility
 n - 5 potions of might
Miscellaneous
 F - a crystal ball of energy
Comestibles
 c - 6 rations


   Skills:
 + Level 5.0 Maces & Staves
 - Level 5.0 Dodging
 - Level 2.4 Stealth
 + Level 17.3 Spellcasting
 + Level 4.0 Summonings
 - Level 14.6 Ice Magic


You had 33 spell levels left.
You knew the following spells:

 Your Spells              Type           Power        Failure   Level  Hunger
a - Freeze                Ice            25 (25)      0%          1    None
b - Hailstorm             Ice            100 (100)    0%          4    None
c - Summon Ice Beast      Ice/Summ       100 (100)    1%          4    None

Your spell library contained the following spells:

 Spells                   Type           Power        Failure   Level  Hunger
 Throw Frost              Ice            50 (50)      0%          2    None
 Throw Icicle             Ice            100 (100)    0%          4    None
 Flame Tongue             Fire           30 (30)      1%          1    None
 Foxfire                  Fire           25 (25)      1%          1    None
 Sandblast                Erth           50 (50)      1%          1    None
 Passwall                 Tmut/Erth      69 (120)     1%          2    None
 Searing Ray              Fire           50 (50)      1%          2    None
 Ignite Poison            Fire/Tmut      69 (100)     1%          3    None
 Ozocubu's Armour         Chrm/Ice       100 (100)    1%          3    None
 Recall                   Summ/Tloc      N/A          1%          3    None
 Bolt of Cold             Ice            141 (200)    1%          6    None
 Scorpion Form            Tmut/Pois      69 (200)     2%          3    None
 Muse Oam's Air Blast     Tloc/Air       69 (100)     2%          4    None
 Aura of Abjuration       Summ           97 (200)     4%          5    None
 Irradiate                Tmut/Pois      69 (200)     6%          5    None
 Yara's Violent Unravell  Hex/Tmut       69 (200)     6%          5    None
 Petrify                  Tmut/Erth      69 (100)     9%          4    None
 Summon Forest            Summ/Erth      84 (200)     10%         5    None
 Summon Mana Viper        Summ/Pois      84 (100)     10%         5    None
 Shadow Creatures         Summ           N/A          24%         6    None


Dungeon Overview and Level Annotations

Branches:
Dungeon (1/1)

Altars:
Ashenzari
Cheibriados
Dithmenos
Elyvilon
Fedhas Madash
Gozag Ym Sagoz
Hepliaklqana
Kikubaaqudgha
Makhleb
Nemelex Xobeh
Okawaru
Qazlal
Ru
Sif Muna
Trog
Uskayaw
Vehumet
Wu Jian
Xom
Yredelemnul
Zin
The Shining One Bahamut & Tiamat
Beogh
Jiyva
Lugonu

Annotations:
D 1 transporter


Message History

Vehumet accepts your kill.
You feel your power returning.
You hear a splash.
Your ice beast is unaffected.
The chaotic shard of acid pelt the basilisk (38)!!!
The basilisk is splashed with acid (10)!
The acid corrodes the basilisk!
You kill the basilisk!
Vehumet accepts your kill.
You feel your power returning.
Your Maces & Staves skill increases to level 5!
Your Summonings skill increases to level 4!
* * * LOW HITPOINT WARNING * * *
The komodo dragon bites you (1).
* * * LOW HITPOINT WARNING * * *
Your ice beast hits the komodo dragon but does no damage.
Unknown command.
Your ice beast hits the komodo dragon but does no damage.
The komodo dragon bites you (16)!
You die...

▓..8©8..▓
▓..}]?..▓
▓.."):≈≈▓
▓...≈≈≈≈▓
▓≈†≈≈○≈.▓
▓≈≈†○†○≈▓
▓≈≈Y≈Y≈.▓
▓≈▓≈†l▓.▓
▓○≈≈©@.≈▓
▓▓▓▓▓▓▓▓▓


You could see a komodo dragon and 2 friendly ice beasts.

Vanquished Creatures
  A toenail golem (D)
  A spriggan (D)
  A basilisk (D)
  2 yaks (D)
  2 golden eyes (D)
  3 wolves (D)
  A wight (D)
  An orc wizard (D)
  A sewer rat (D)
  2 orcs (D)
  A bat skeleton (D)
  A bat zombie (D)
17 creatures vanquished.

Vanquished Creatures (collateral kills)
  4 toenail golems (D)
  A necrophage (D)
  A jackal (D)
6 creatures vanquished.

Grand Total: 23 creatures vanquished

Notes
Turn   | Place    | Note
-------+----------+-------------------------------------------
     0 | D        | diana the Deep Elf Ice Elementalist began the quest for the
                  | Orb.
     0 | D        | Reached XP level 1. HP: 10/10 MP: 6/6
     0 | D        | Found a shimmering blue altar of Sif Muna.
     0 | D        | Found a sacrificial altar of Ru.
     0 | D        | Found a bloodstained altar of Trog.
     0 | D        | Found a stormy altar of Qazlal.
     0 | D        | Found an iron altar of Okawaru.
     0 | D        | Found a sparkling altar of Nemelex Xobeh.
     0 | D        | Found a blossoming altar of Fedhas.
     1 | D        | Found the +6 Majin-Bo {vampiric, corrupt archmagi; MP+6
                  | Int+6}
     1 | D        | Found the +9 ballista "Sniper" {velocity, Acc+∞ +Vis}
     1 | D        | Found the +10 dark maul {crush}
     1 | D        | Found the +15 Maxwell's patent armour {-Cast -Tele rElec
                  | MR+ rCorr}
     1 | D        | Found the +18 shield of the Gong {rElec rN+ MR+ EV-5}
     1 | D        | Found the +14 obsidian axe {chop, +Fly +Vis Soulbond}
     1 | D        | Found the +7 great mace "Firestarter" {inner flame, rF++}
     1 | D        | Found the +6 shillelagh "Devastator" {shatter}
     1 | D        | Found the +11 plutonium sword {*Contam Stlth-}
     1 | D        | Found the +8 lance "Wyrmbane" {slay drac, rPois rF+ rC+
                  | AC+3}
     1 | D        | Found the +9 sword of Zonguldrok {reap}
     1 | D        | Found the +13 scythe of Curses {drain, Soulbond}
     1 | D        | Found the +0 sword of Power
     1 | D        | Found the +7 mace of Variability {chain chaos}
     1 | D        | Found the +7 Singing Sword {slice, sonic wave}
     1 | D        | Found the +8 storm bow {elec, penet}
     2 | D        | Found a transporter.
     2 | D        | Found an ancient bone altar of Kikubaaqudgha.
     2 | D        | Found a viscous altar of Jiyva.
     2 | D        | Found a corrupted altar of Lugonu.
     2 | D        | Found a hazy altar of Hepliaklqana.
     2 | D        | Found a burning altar of Makhleb.
     2 | D        | Found an opulent altar of Gozag.
    47 | D        | Became a worshipper of Vehumet
    55 | D        | Reached skill level 5 in Dodging
    55 | D        | Reached skill level 5 in Spellcasting
    55 | D        | Reached skill level 5 in Ice Magic
    55 | D        | Reached XP level 2. HP: 15/15 MP: 6/10
    79 | D        | Entered arena 2.
    79 | D        | Noticed a golden eye
    79 | D        | Noticed a golden eye
    79 | D        | Found a transporter.
   136 | D        | Killed a golden eye
   136 | D        | Reached skill level 9 in Spellcasting
   136 | D        | Reached XP level 3. HP: 19/19 MP: 10/15
   136 | D        | Reached XP level 4. HP: 24/24 MP: 11/17
   181 | D        | Killed a golden eye
   181 | D        | Reached skill level 11 in Spellcasting
   181 | D        | Reached XP level 5. HP: 28/28 MP: 17/20
   231 | D        | Learned a level 4 spell: Hailstorm
   233 | D        | Entered arena 3.
   233 | D        | Found a transporter.
   237 | D        | Reached * piety under Vehumet
   237 | D        | Offered knowledge of Sandblast by Vehumet.
   237 | D        | Reached skill level 10 in Ice Magic
   237 | D        | Reached XP level 6. HP: 32/32 MP: 22/22
   277 | D        | Entered arena 4.
   277 | D        | Noticed a spriggan
   277 | D        | Found a transporter.
   278 | D        | Reached ** piety under Vehumet
   278 | D        | Offered knowledge of Foxfire by Vehumet.
   278 | D        | Reached skill level 12 in Spellcasting
   279 | D        | Killed a spriggan
   279 | D        | Reached skill level 13 in Spellcasting
   279 | D        | Reached XP level 7. HP: 28/36 MP: 14/25
   280 | D        | Offered knowledge of Searing Ray by Vehumet.
   308 | D        | Got the Papyrus of Neurosis
   393 | D        | Learned a level 4 spell: Summon Ice Beast
   395 | D        | Entered arena 5.
   395 | D        | Found a transporter.
   396 | D        | Found the +4 moon troll leather {Spirit, Regen++ MP+5}
   399 | D        | Reached *** piety under Vehumet
   399 | D        | Reached skill level 14 in Spellcasting
   401 | D        | Offered knowledge of Muse Oam's Air Blast by Vehumet.
   543 | D        | Entered arena 6.
   543 | D        | Noticed a toenail golem
   543 | D        | Noticed a toenail golem
   543 | D        | Noticed a toenail golem
   543 | D        | Noticed a toenail golem
   543 | D        | Noticed a toenail golem
   543 | D        | Found a transporter.
   551 | D        | HP: 1/36 [the Majin-Bo (7)]
   551 | D        | Killed a toenail golem
   551 | D        | Reached **** piety under Vehumet
   551 | D        | Offered knowledge of Ignite Poison by Vehumet.
   557 | D        | HP: 1/36 [the Majin-Bo (1)]
   557 | D        | Killed a toenail golem
   557 | D        | Reached skill level 15 in Spellcasting
   557 | D        | Reached XP level 8. HP: 1/41 MP: 6/29
   559 | D        | Killed a toenail golem
   559 | D        | Reached skill level 16 in Spellcasting
   567 | D        | HP: 1/41 [the Majin-Bo (2)]
   575 | D        | Killed a toenail golem
   575 | D        | HP: 1/41 [the Majin-Bo (2)]
   580 | D        | Killed a toenail golem
   580 | D        | Reached ***** piety under Vehumet
   751 | D        | Entered arena 7.
   751 | D        | Noticed a komodo dragon
   754 | D        | Offered knowledge of Bolt of Cold by Vehumet.
   754 | D        | Reached skill level 17 in Spellcasting
   754 | D        | Reached XP level 9. HP: 28/45 MP: 28/32
   755 | D        | Found a transporter.
   756 | D        | Reached skill level 5 in Maces & Staves
   757 | D        | Slain by a komodo dragon

Levels and vault maps discovered:
D:        sprint_v [room_start, room_1, room_2, room_3, room_4, room_5, room_6,
          room_7, room_8, room_9, room_10, room_11, room_12, room_13, room_14,
          room_15, room_16, room_17, room_18, room_19, room_20, room_21,
          room_22, room_23, room_24, room_25, room_26, room_27]

Skill      XL: |  1  2  3  4  5  6  7  8  9 |
---------------+----------------------------+-----
Maces & Staves | 3 4 5 |  5.0
Dodging        | 5 |  5.0
Spellcasting   | 5 9 11 13 15 17 | 17.3
Ice Magic      | 5 8 9 10 11 13 14 | 14.6
Summonings     | 2 4 |  4.0
Stealth        | |  2.4

Action                   |  1- 3 |  4- 6 |  7- 9 || total
-------------------------+-------+-------+-------++-------
Melee: Great mace        |    13 |    11 |       ||    24
       Staff             |       |       |     2 ||     2
       Unarmed           |       |       |     1 ||     1
 Cast: Hailstorm         |       |     1 |    11 ||    12
       Summon Ice Beast  |       |       |    10 ||    10
  Use: Potion            |     1 |       |       ||     1
       Scroll            |       |       |     2 ||     2
  Eat: Ration            |       |     1 |       ||     1
Armor: Plate armour      |       |     6 |       ||     6
       Robe              |       |       |     1 ||     1
Dodge: Dodged            |       |     3 |     4 ||     7
